 Dungeon Sprint DCSS version 0.26-a0-971-g1d9d62bb61 (webtiles) character file.

Game seed: 16876076852020144539

101574 mhtbhm the Slayer (level 15, -3/258 HPs)
             Began as a Minotaur Fighter on Dec 4, 2020.
             Was a High Priest of Trog.
             Slain by Jory
             ... wielding a +2 battleaxe of venom
              (15 damage)
             ... in the Dungeon (Sprint V: "Ziggurat Sprint").
             The game lasted 00:21:21 (2925 turns).

mhtbhm the Slayer (Minotaur Fighter)                Turns: 2925, Time: 00:21:23

Health: -3/258     AC: 36    Str: 45    XL:     15   Next: 83%
Magic:  0/14       EV: 16    Int:  5    God:    Trog [*****.]
Gold:   0          SH: 37    Dex: 14    Spells: 14/14 levels left

rFire    + + .     SeeInvis .   M - +8 broad axe (vorpal)
rCold    + + .     Faith    .   c - +18 shield of the Gong {rElec rN+ MR+ EV-5}
rNeg     + + .     Spirit   +   b - +5 gold dragon scales
rPois    +         Reflect  .   G - -2 hat of the Alchemist {rElec rPois rF+ rC+ rN+ MR+ rMut rCorr}
rElec    +         Harm     .   F - +2 cloak {MR+}
rCorr    +         Rampage  .   z - +2 pair of gloves {Str+3}
rMut     +         NoTele   +   (no boots)
MR       +++++                  E - amulet of the King {Spirit rF+ Str+3 Dex+4 Slay+3}
Stlth    ..........             s - +6 ring of strength
HPRegen  1.53/turn              t - +6 ring of strength
MPRegen  0.14/turn

@: berserking (expiring), fire vulnerable, regenerating, glowing, studying 2
skills, silenced, very quick
A: retaliatory headbutt, horns 2
a: Renounce Religion


You were in the Dungeon.
You worshipped Trog.
Trog was extremely pleased with you.
You visited 1 branch

Inventory:

Hand Weapons
 a - the +14 obsidian axe (quivered) {vorpal, +Fly SInv *Curse}
   (You found it in the Dungeon)

   It inflicts extra damage upon your enemies.
   It lets you see invisible.
   It lets you fly.
   It curses itself when equipped.
 D - the +7 glaive "Sischuck" {vamp, *Rage MR++ Str+3 Int+3}
   (You found it in the Dungeon)

   It inflicts no extra harm, but heals its wielder when it wounds a living foe.
   It affects your strength (+3).
   It affects your intelligence (+3).
   It affects your resistance to hostile enchantments.
   It may make you go berserk in combat.
 M - a +8 vorpal broad axe (weapon)
Missiles
 N - 16 silver javelins
Armour
 b - +5 gold dragon scales (worn)
 c - the +18 shield of the Gong (worn) {rElec rN+ MR+ EV-5}
   (You found it in the Dungeon)

   It affects your evasion (-5).
   It insulates you from electricity.
   It protects you from negative energy.
   It affects your resistance to hostile enchantments.
 n - a +5 crystal plate armour
 z - a +2 pair of gloves of strength (worn)
 F - a +2 cloak of magic resistance (worn)
 G - the -2 hat of the Alchemist (worn) {rElec rPois rF+ rC+ rN+ MR+ rMut rCorr}
   (You found it in the Dungeon)

   It protects you from fire.
   It protects you from cold.
   It insulates you from electricity.
   It protects you from poison.
   It protects you from negative energy.
   It affects your resistance to hostile enchantments.
   It provides partial protection from all sources of acid and corrosion.
   It protects you from mutation.
 I - the +0 mask of the Dragon {MR+ Slay+3 SInv}
   (You found it in the Dungeon)

   It affects your accuracy and damage with ranged weapons and melee attacks
   (+3).
   It affects your resistance to hostile enchantments.
   It lets you see invisible.
Jewellery
 s - a +6 ring of strength (left hand)
 t - a +6 ring of strength (right hand)
 C - the ring "Bagiesch" {*Drain rElec rC+++ EV+4 Dex-2}
   (You found it in the Dungeon)

   [ring of evasion]

   It affects your evasion (+4).
   It affects your dexterity (-2).
   It renders you almost immune to cold.
   It insulates you from electricity.
   It causes draining when unequipped.
 E - the amulet of the King (around neck) {Spirit rF+ Str+3 Dex+4 Slay+3}
   (You found it in the Dungeon)

   [amulet of guardian spirit]

   It causes incoming damage to be split between your health and magic.
   It affects your strength (+3).
   It affects your dexterity (+4).
   It affects your accuracy and damage with ranged weapons and melee attacks
   (+3).
   It protects you from fire.
 L - the ring "Gihuhe" {rF+ rC+ Str+4 Dex+2 Slay+2}
   (You found it in the Dungeon)

   [ring of protection from cold]

   It affects your strength (+4).
   It affects your dexterity (+2).
   It affects your accuracy and damage with ranged weapons and melee attacks
   (+2).
   It protects you from fire.
   It protects you from cold.
Wands
 k - a wand of disintegration (7)
 l - a wand of iceblast (7)
 m - a wand of acid (7)
Scrolls
 h - 7 scrolls of fog
 j - 3 scrolls of blinking
 o - a scroll of holy word
 p - 4 scrolls of identify
 q - 4 scrolls of remove curse
 r - 2 scrolls of fear
 H - a scroll of brand weapon
Potions
 d - 4 potions of might
 e - 10 potions of curing
 f - 15 potions of heal wounds
 g - 29 potions of haste
 i - 2 potions of berserk rage
 u - 2 potions of invisibility
 v - 4 potions of resistance
Books
 w - a manual of Slings
 B - a manual of Crossbows
Miscellaneous
 y - a tin of tremorstones (2/2)
 A - a condenser vane
 J - a phantom mirror
 K - a phantom mirror


   Skills:
 + Level 26.2 Fighting
 + Level 1.8(2.2) Short Blades
 + Level 2.1(2.5) Long Blades
 + Level 22.8 Axes
 - Level 2.1 Staves
 + Level 1.9(2.2) Slings
 + Level 2.0 Bows
 + Level 1.6(2.0) Throwing
 + Level 24.3 Armour
 * Level 20.7 Dodging
 - Level 1.5 Stealth
 + Level 21.5 Shields
 - Level 1.2 Invocations
 + Level 8.2 Evocations


You had 14 spell levels left.
You didn't know any spells.
Your spell library was empty.

Dungeon Overview and Level Annotations

Branches:
Dungeon (1/1)

Altars:
Ashenzari
Cheibriados
Dithmenos
Elyvilon
Fedhas
Gozag
Hepliaklqana
Kikubaaqudgha
Makhleb
Nemelex Xobeh
Okawaru
Qazlal
Ru
Sif Muna
Trog
Uskayaw
Vehumet
Wu Jian
Xom
Yredelemnul
Zin
The Shining One
Beogh
Jiyva
Lugonu

Annotations:
D Asmodeus, Azrael, Boris, Cerebov, Dispater, Eustachio, Geryon, Jory, Menkaure, Mennas, Mnoleg, Nellie, Nergalle, Rupert, Serpent of Hell, Sonja, Tiamat, Urug


Innate Abilities, Weirdness & Mutations

You reflexively headbutt those who attack you in melee.
You have a pair of horns on your head.


Message History

You are engulfed in blazing flames.
You resist.
You feel a little less mighty now.
You feel less vulnerable to fire.
Nergalle is engulfed in blazing flames.
The tentacled monstrosity is engulfed in blazing flames.
You block the tentacled monstrosity's attack. x3
The tentacled monstrosity barely misses you.
Mennas is engulfed in blazing flames.
Mennas hits you from afar with a +3 trishula of holy wrath!!
* * * LOW HITPOINT WARNING * * *
You block Mennas's attack.
Cerebov hits you with the +6 sword of Cerebov {flame}!!
* * * LOW HITPOINT WARNING * * *
Cerebov burns you.
* * * LOW HITPOINT WARNING * * *
The sword of Cerebov burns away your fire resistance.
Azrael draws from the surrounding life force!
* * * LOW HITPOINT WARNING * * *
The lorocyproca is engulfed in blazing flames.
Jory is engulfed in blazing flames.
You block Jory's attack. Jory bites you!
You die...

........°.......
▓......
......)o.§§§....
▓......
▓.......°&°∩§....
▓......
▓....M@2o.○°§....
▓......
▓......X3○.......
▓......
▓...▓.X.R3§&..▓..
▓...▓..
▓.....XDL&A°.....
▓......
▓.....@d1V2Y.....
▓......
▓.....D&@X&○.....
▓......
▓▓▓▓▓▓▓▓▓▓▓▓▓▓▓▓▓
▓▓▓▓▓▓▓ ▓......
▓..[:.[ ▓..|:)[
▓....|. ▓....))
▓...... ▓..)...


You could see Cerebov (fast, agile, vulnerable), Asmodeus (fast, strong,
resistant, clouds), Dispater (inner flame, strong), Tiamat (strong, agile,
resistant, slow, catching breath), Mnoleg, Geryon (agile, slow), the Serpent of
Hell (fast, agile, catching breath), Nellie (fast, strong, agile), Jory (strong,
agile), Boris (inner flame, agile, vulnerable), Mennas (fast, strong, agile,
silencing), a Hell Sentinel (summoned), a shadow dragon (summoned), a tentacled
monstrosity (summoned), Rupert (fast, inner flame, strong, misshapen), a
lorocyproca (summoned, agile, resistant, invisible), Urug (strong, agile),
Azrael the soul eater (strong), Nergalle (fast, resistant), a sun demon
(summoned, strong, agile), 3 large abominations, Eustachio (strong, agile,
resistant, slow), a hellion (summoned, misshapen), an efreet (summoned, fast,
resistant, misshapen) and Menkaure (strong, resistant).

Vanquished Creatures
  Sojobo (D)
  An iron giant (D)
  3 liches (D)
  2 deep elf master archers (D)
  A deep elf blademaster (D)
  An eldritch tentacle (D)
  5 deep elf sorcerers (D)
  2 reapers (D)
  A vampire knight (D)
  3 stone giants (D)
  A black draconian (D)
  4 green draconians (D)
  2 red draconians (D)
  An entropy weaver (D)
  A white draconian (D)
  2 yellow draconians (D)
  3 deep elf annihilators (D)
  4 purple draconians (D)
  3 merfolk javelineers (D)
  A green death (D)
  2 merfolk impalers (D)
  Snorg (D)
  3 deep elf high priests (D)
  8 vault guards (D)
  A merfolk aquamancer (D)
  A merfolk avatar (D)
  4 dancing weapons (D)
  2 vampire magi (D)
  3 orc high priests (D)
  A thrashing horror (D)
  2 deep elf knights (D)
  A wretched star (D)
  3 skeletal warriors (D)
  A sea snake (D)
  A deep troll (shapeshifter) (D)
  3 deep elf archers (D)
  A necromancer (D)
  An orb spider (D)
  2 draconians (D)
  A slime creature (D)
  A faun (D)
  9 deep elf magi (D)
  2 orc sorcerers (D)
  A shining eye (D)
  A worldbinder (D)
  A wolf spider (D)
  A manticore (D)
  A merfolk siren (D)
  2 smoke demons (D)
  5 rust devils (D)
  An orange demon (D)
  3 tormentors (D)
  2 demonic crawlers (D)
  2 ice devils (D)
  2 ancient zymes (D)
  2 trolls (D)
  2 merfolk (D)
  4 red devils (D)
  4 hornets (D)
  A wind drake (D)
  4 snapping turtles (D)
  3 vampires (D)
  3 water elementals (D)
  8 large abominations (D)
  2 shadows (D)
  A tarantella (D)
  3 air elementals (D)
  2 redbacks (D)
  2 wraiths (D)
  A golden eye (D)
  A basilisk (D)
  A fire elemental (D)
  2 neqoxecs (D)
  A chaos spawn (D)
  2 wargs (D)
  A water moccasin (D)
  5 hell hounds (D)
  2 orc warriors (D)
  2 necrophages (D)
  4 ogres (D)
  3 bullfrogs (D)
  An earth elemental (D)
  7 small abominations (D)
  4 wights (D)
  A crimson imp (D)
  7 starcursed masses (D)
  3 iron imps (D)
  5 jellies (D)
  6 quasits (D)
  A shadow imp (D)
  2 white imps (D)
  An ooze (D)
  4 adder zombies (D)
  2 adder skeletons (D)
  2 bat skeletons (D)
  3 bat zombies (D)
  3 giant cockroach zombies (D)
  A jackal skeleton (D)
  A leopard gecko skeleton (D)
  2 leopard gecko zombies (D)
240 creatures vanquished.

Vanquished Creatures (collateral kills)
  A green draconian (D)
  A yellow draconian (D)
  A deep elf annihilator (D)
  A draconian (D)
  A slime creature (D)
  An air elemental (D)
  A water moccasin (D)
  A hell hound (D)
  An iron imp (D)
  A white imp (D)
  A bat zombie (D)
11 creatures vanquished.

Vanquished Creatures (others)
  Frederick (D)
  Margery (D)
  A deep elf archer (D)
  A fire elemental (D)
  Grum (D)
  Edmund (D)
  Purgy (D)
7 creatures vanquished.

Grand Total: 258 creatures vanquished

Notes
Turn   | Place    | Note
-------+----------+-------------------------------------------
     0 | D        | mhtbhm the Minotaur Fighter began the quest for the Orb.
     0 | D        | Reached XP level 1. HP: 19/19 MP: 0/0
     0 | D        | Found a shimmering blue altar of Sif Muna.
     0 | D        | Found a bloodstained altar of Trog.
     0 | D        | Found a sacrificial altar of Ru.
     0 | D        | Found a stormy altar of Qazlal.
     0 | D        | Found an iron altar of Okawaru.
    12 | D        | Became a worshipper of Trog the Wrathful
    27 | D        | Found a blossoming altar of Fedhas.
    28 | D        | Found the +6 Majin-Bo {vamp, MP+6 Int+6}
    28 | D        | Found the +9 heavy crossbow "Sniper" {vorpal, Acc+∞ SInv}
    28 | D        | Found the +10 dark maul {vorpal}
    28 | D        | Found the +15 Maxwell's patent armour {-Cast -Tele rElec
                  | MR+ rCorr}
    28 | D        | Found the +18 shield of the Gong {rElec rN+ MR+ EV-5}
    28 | D        | Found the cursed +14 obsidian axe {vorpal, +Fly SInv
                  | *Curse}
    28 | D        | Found the +7 great mace "Firestarter" {inner flame, rF++}
    28 | D        | Found the +6 shillelagh "Devastator" {shatter}
    28 | D        | Found the +11 plutonium sword {*Contam Stlth-}
    28 | D        | Found the +8 lance "Wyrmbane" {slay drac, rPois rF+ rC+
                  | AC+3}
    28 | D        | Found the +9 sword of Zonguldrok {reap}
    28 | D        | Found the cursed +13 scythe of Curses {drain, *Curse}
    28 | D        | Found the +0 sword of Power
    28 | D        | Found the +7 mace of Variability {chain chaos}
    28 | D        | Found the +7 Singing Sword {vorpal, sonic wave}
    28 | D        | Found the +8 storm bow {elec, penet}
    28 | D        | Found a viscous altar of Jiyva.
    28 | D        | Found a transporter.
    28 | D        | Found a hazy altar of Hepliaklqana.
    28 | D        | Found an ancient bone altar of Kikubaaqudgha.
    28 | D        | Found an opulent altar of Gozag.
    28 | D        | Found a corrupted altar of Lugonu.
    35 | D        | Found a burning altar of Makhleb.
    36 | D        | Found a sparkling altar of Nemelex Xobeh.
   243 | D        | Entered arena 2.
   243 | D        | Noticed a crimson imp
   243 | D        | Found a transporter.
   248 | D        | Killed a crimson imp
   249 | D        | Reached skill level 5 in Fighting
   249 | D        | Reached skill level 5 in Armour
   249 | D        | Reached skill level 5 in Shields
   249 | D        | Reached XP level 2. HP: 29/29 MP: 1/1
   249 | D        | Reached XP level 3. HP: 36/36 MP: 2/2
   261 | D        | Entered arena 3.
   261 | D        | Noticed a deep elf mage
   261 | D        | Noticed a deep elf mage
   261 | D        | Noticed a water elemental
   261 | D        | Found a transporter.
   266 | D        | Killed a deep elf mage
   266 | D        | Reached * piety under Trog
   266 | D        | Noticed an ice devil
   267 | D        | Reached skill level 9 in Fighting
   267 | D        | Reached skill level 10 in Shields
   267 | D        | Reached XP level 4. HP: 51/51 MP: 3/3
   267 | D        | Reached XP level 5. HP: 58/58 MP: 4/4
   267 | D        | Reached XP level 6. HP: 66/66 MP: 5/5
   267 | D        | Killed a water elemental
   268 | D        | Reached skill level 10 in Fighting
   268 | D        | Reached XP level 7. HP: 73/73 MP: 6/6
   268 | D        | Killed a deep elf mage
   268 | D        | Reached ** piety under Trog
   269 | D        | Reached skill level 11 in Fighting
   269 | D        | Reached skill level 10 in Armour
   356 | D        | Got the ring of Kexi {rF+ rC+ Int+5}
   363 | D        | Entered arena 4.
   363 | D        | Found a transporter.
   367 | D        | Reached *** piety under Trog
   368 | D        | Reached XP level 8. HP: 83/83 MP: 7/7
   478 | D        | Entered arena 5.
   478 | D        | Found a transporter.
   482 | D        | Reached **** piety under Trog
   483 | D        | Reached skill level 12 in Fighting
   487 | D        | Reached skill level 10 in Axes
   513 | D        | Entered arena 6.
   513 | D        | Found a transporter.
   515 | D        | Reached ***** piety under Trog
   536 | D        | Entered arena 7.
   537 | D        | Found a transporter.
   540 | D        | Received a gift from Trog
   653 | D        | Entered arena 8.
   653 | D        | Noticed an air elemental
   653 | D        | Noticed an orc high priest
   653 | D        | Noticed a deep elf mage
   653 | D        | Noticed a deep elf mage
   653 | D        | Noticed a deep elf mage
   655 | D        | Noticed an orange demon
   655 | D        | Found a transporter.
   657 | D        | Killed an air elemental
   658 | D        | Reached XP level 9. HP: 92/92 MP: 8/8
   658 | D        | Killed a deep elf mage
   658 | D        | Received a gift from Trog
   660 | D        | Noticed a red devil
   660 | D        | Killed a deep elf mage
   661 | D        | Reached skill level 13 in Fighting
   662 | D        | Killed an orc high priest
   662 | D        | Killed a deep elf mage
   667 | D        | Got the ring "Bagiesch" {*Drain rElec rC+++ EV+4 Dex-2}
   764 | D        | Entered arena 9.
   764 | D        | Noticed a deep elf mage
   764 | D        | Noticed a deep elf knight
   764 | D        | Noticed a +3 short sword of venom
   764 | D        | Noticed a deep elf archer
   764 | D        | Noticed a +4 flail of holy wrath
   765 | D        | Found a transporter.
   767 | D        | Killed a deep elf mage
   767 | D        | Received a gift from Trog
   767 | D        | Killed a +4 flail of holy wrath
   767 | D        | Killed a +3 short sword of venom
   768 | D        | Reached skill level 1 in Stealth
   768 | D        | Reached XP level 10. HP: 95/101 MP: 9/9
   769 | D        | Killed a deep elf knight
   769 | D        | Reached ****** piety under Trog
   769 | D        | Received a gift from Trog
   770 | D        | Reached skill level 15 in Axes
   770 | D        | Reached skill level 1 in Evocations
   773 | D        | Killed a deep elf archer
   774 | D        | Reached skill level 15 in Shields
   787 | D        | Got the +7 glaive "Sischuck" {vamp, *Rage MR++ Str+3 Int+3}
   801 | D        | Entered arena 10.
   801 | D        | Noticed a green draconian
   801 | D        | Noticed a yellow draconian
   801 | D        | Noticed a draconian
   801 | D        | Noticed a green draconian
   801 | D        | Noticed a draconian
   801 | D        | Noticed a draconian
   801 | D        | Noticed a green draconian
   801 | D        | Noticed a purple draconian
   802 | D        | Found a transporter.
   808 | D        | Killed a purple draconian
   809 | D        | Reached skill level 14 in Fighting
   811 | D        | Killed a green draconian
   814 | D        | Killed a draconian
   814 | D        | Killed a yellow draconian
   814 | D        | Received a gift from Trog
   817 | D        | Killed a green draconian
   818 | D        | Reached skill level 15 in Fighting
   818 | D        | Reached XP level 11. HP: 56/112 MP: 10/10
   818 | D        | Killed a green draconian
   923 | D        | Got the amulet of Joodeva {Inacc rF+++ MR- Str-4 Dex+6}
   937 | D        | Reached XP level 12. HP: 101/121 MP: 11/11
  1004 | D        | Entered arena 11.
  1006 | D        | Received a gift from Trog
  1013 | D        | Found a transporter.
  1073 | D        | Entered arena 12.
  1075 | D        | Found a transporter.
  1080 | D        | Received a gift from Trog
  1088 | D        | Reached skill level 16 in Fighting
  1177 | D        | Got the ring "Tegao" {+Inv Int-2 Dex+5 Stlth+}
  1296 | D        | Entered arena 13.
  1296 | D        | Noticed a green draconian
  1296 | D        | Noticed a black draconian
  1296 | D        | Noticed a yellow draconian
  1296 | D        | Noticed a yellow draconian
  1296 | D        | Noticed a green draconian
  1296 | D        | Noticed a purple draconian
  1296 | D        | Noticed a white draconian
  1296 | D        | Noticed a purple draconian
  1297 | D        | Noticed a purple draconian
  1298 | D        | Noticed a red draconian
  1298 | D        | Identified the cursed +1 morningstar "Mixaown" {vorpal, rN+
                  | Str-5 Dex+4}
  1298 | D        | Noticed a red draconian
  1302 | D        | Killed a yellow draconian
  1304 | D        | Killed a green draconian
  1305 | D        | Killed a purple draconian
  1305 | D        | Received a gift from Trog
  1306 | D        | Killed a purple draconian
  1306 | D        | Killed a black draconian
  1306 | D        | Killed a white draconian
  1307 | D        | Reached skill level 17 in Fighting
  1307 | D        | Killed a purple draconian
  1309 | D        | Killed a yellow draconian
  1310 | D        | Reached XP level 13. HP: 106/134 MP: 12/12
  1310 | D        | Found a transporter.
  1313 | D        | Killed a red draconian
  1314 | D        | Reached skill level 18 in Fighting
  1315 | D        | Killed a red draconian
  1315 | D        | Killed a green draconian
  1315 | D        | Received a gift from Trog
  1529 | D        | Entered arena 14.
  1530 | D        | Noticed an entropy weaver
  1533 | D        | Reached skill level 5 in Evocations
  1535 | D        | Received a gift from Trog
  1541 | D        | Killed an entropy weaver
  1541 | D        | Received a gift from Trog
  1542 | D        | Reached skill level 19 in Fighting
  1542 | D        | Reached skill level 5 in Dodging
  1542 | D        | Found a transporter.
  1573 | D        | Got the ring "Gihuhe" {rF+ rC+ Str+4 Dex+2 Slay+2}
  1628 | D        | Entered arena 15.
  1629 | D        | Noticed a stone giant
  1629 | D        | Noticed a stone giant
  1629 | D        | Noticed a stone giant
  1629 | D        | Noticed a lich
  1629 | D        | Noticed a lich
  1633 | D        | Found a transporter.
  1639 | D        | Killed a lich
  1639 | D        | Killed a stone giant
  1639 | D        | Received a gift from Trog
  1640 | D        | Reached skill level 20 in Fighting
  1640 | D        | Reached skill level 15 in Armour
  1643 | D        | Killed a lich
  1646 | D        | Killed a stone giant
  1647 | D        | Reached skill level 21 in Fighting
  1647 | D        | Received a gift from Trog
  1647 | D        | Killed a stone giant
  1648 | D        | Reached skill level 10 in Dodging
  1698 | D        | Got the amulet of the King {Spirit rF+ Str+3 Dex+4 Slay+3}
  1805 | D        | Entered arena 16.
  1809 | D        | Received a gift from Trog
  1809 | D        | Received a gift from Trog
  1810 | D        | Reached skill level 1 in Short Blades
  1810 | D        | Reached skill level 1 in Long Blades
  1810 | D        | Reached skill level 1 in Staves
  1810 | D        | Reached skill level 1 in Slings
  1810 | D        | Reached skill level 1 in Bows
  1810 | D        | Reached XP level 14. HP: 144/152 MP: 11/13
  1811 | D        | Reached skill level 1 in Throwing
  1823 | D        | Found a transporter.
  1840 | D        | Got the amulet of Nifiloir {Spirit rF+ Str+2 Stlth+}
  1883 | D        | Entered arena 17.
  1886 | D        | Noticed a reaper
  1887 | D        | Found the amulet of the Air {Inacc +Fly rElec EV+5 RMsl}
  1887 | D        | Found the -2 hat of the Alchemist {rElec rPois rF+ rC+ rN+
                  | MR+ rMut rCorr}
  1889 | D        | Received a gift from Trog
  1890 | D        | Reached skill level 15 in Dodging
  1894 | D        | Reached skill level 1 in Invocations
  1894 | D        | Received a gift from Trog
  1896 | D        | Found a transporter.
  1903 | D        | Killed a reaper
  1912 | D        | Received a gift from Trog
  1932 | D        | Got the ring of Suspicion {rElec rF- Int+3 Dex+5 SInv}
  2050 | D        | Entered arena 18.
  2054 | D        | Identified a ring of the Octopus King {AC+1 EV+1 Str+1
                  | Int+1 Dex+1 Stlth+}
  2057 | D        | Received a gift from Trog
  2058 | D        | Reached skill level 22 in Fighting
  2059 | D        | Found a transporter.
  2062 | D        | Received a gift from Trog
  2065 | D        | Reached skill level 23 in Fighting
  2071 | D        | Received a gift from Trog
  2170 | D        | Entered arena 19.
  2173 | D        | Noticed a lich
  2173 | D        | Noticed a vampire knight
  2174 | D        | Identified the +9 shortbow of Jalaim {flame, rC+++ Dex-5}
  2174 | D        | Identified the ring "Qiuh" {+Blink Str+2 Stlth+}
  2177 | D        | Noticed a balrug
  2177 | D        | Received a gift from Trog
  2181 | D        | Received a gift from Trog
  2182 | D        | Killed a vampire knight
  2183 | D        | Found a transporter.
  2185 | D        | Received a gift from Trog
  2186 | D        | Killed a lich
  2187 | D        | Reached skill level 24 in Fighting
  2283 | D        | Entered arena 20.
  2288 | D        | Noticed a reaper
  2288 | D        | Noticed an iron giant
  2289 | D        | Found the +7 captain's cutlass {speed, disarm}
  2290 | D        | Found the +0 mask of the Dragon {MR+ Slay+3 SInv}
  2291 | D        | Received a gift from Trog
  2291 | D        | Received a gift from Trog
  2296 | D        | Found a transporter.
  2297 | D        | Killed an iron giant
  2297 | D        | Received a gift from Trog
  2301 | D        | Received a gift from Trog
  2305 | D        | Killed a reaper
  2371 | D        | Got the ring of the Princeling {Wiz Dex+2}
  2517 | D        | Entered arena 21.
  2523 | D        | Noticed a starcursed mass
  2526 | D        | Received a gift from Trog
  2527 | D        | Reached XP level 15. HP: 145/167 MP: 11/14
  2528 | D        | Received a gift from Trog
  2529 | D        | Found a transporter.
  2530 | D        | Received a gift from Trog
  2670 | D        | Entered arena 22.
  2674 | D        | Noticed a deep elf sorcerer
  2674 | D        | Noticed a deep elf blademaster
  2674 | D        | Noticed a deep elf sorcerer
  2674 | D        | Noticed a deep elf sorcerer
  2675 | D        | Noticed a deep elf sorcerer
  2675 | D        | Noticed a deep elf master archer
  2675 | D        | Noticed a deep elf sorcerer
  2676 | D        | Noticed a deep elf master archer
  2676 | D        | Identified the ring "Uduir" {*Slow rN+ Dex+4 Stlth+}
  2678 | D        | Received a gift from Trog
  2678 | D        | Killed a deep elf sorcerer
  2678 | D        | Killed a deep elf sorcerer
  2678 | D        | Received a gift from Trog
  2678 | D        | Killed a deep elf sorcerer
  2679 | D        | Killed a deep elf sorcerer
  2679 | D        | Received a gift from Trog
  2680 | D        | Killed a deep elf blademaster
  2681 | D        | Killed a deep elf master archer
  2681 | D        | Received a gift from Trog
  2682 | D        | Reached skill level 25 in Fighting
  2684 | D        | Killed a deep elf master archer
  2685 | D        | Found a transporter.
  2687 | D        | Killed a deep elf sorcerer
  2695 | D        | Received a gift from Trog
  2709 | D        | Received a gift from Trog
  2885 | D        | Entered arena 23.
  2891 | D        | Identified the +6 sword of Cerebov {flame}
  2891 | D        | Noticed Cerebov
  2891 | D        | Noticed Edmund
  2891 | D        | Noticed Geryon
  2891 | D        | Noticed Mnoleg
  2891 | D        | Noticed Mennas
  2891 | D        | Noticed Nellie
  2891 | D        | Noticed Snorg
  2891 | D        | Identified the +4 dragonskin cloak
  2891 | D        | Noticed Tiamat
  2891 | D        | Noticed Purgy
  2891 | D        | Noticed Sonja
  2892 | D        | Found the +7 lajatang of Order {silver, rMut}
  2892 | D        | Found the +2 Maxwell's thermic engine {flame, freeze}
  2892 | D        | Noticed Jory
  2898 | D        | Noticed Margery
  2899 | D        | Noticed Azrael
  2900 | D        | Identified the +6 broad axe of Contradiction {flame, rElec
                  | rPois}
  2900 | D        | Noticed Sojobo
  2902 | D        | Noticed the Serpent of Hell
  2902 | D        | Noticed Frederick
  2903 | D        | Killed Purgy
  2903 | D        | Killed Edmund
  2903 | D        | Noticed Grum
  2906 | D        | Noticed an Executioner
  2907 | D        | Noticed Boris
  2909 | D        | Killed Grum
  2909 | D        | Identified the +7 sceptre of Asmodeus
  2909 | D        | Noticed Asmodeus
  2910 | D        | Noticed Azrael
  2910 | D        | Azrael changed into Azrael the soul eater
  2912 | D        | Noticed Rupert
  2913 | D        | Noticed Eustachio
  2915 | D        | Killed Sojobo
  2915 | D        | Killed Margery
  2916 | D        | Reached skill level 26 in Fighting
  2916 | D        | Noticed Menkaure
  2919 | D        | Killed Snorg
  2919 | D        | Identified the ring "Vuesky" {EV+4 SInv Stlth+}
  2919 | D        | Noticed Nergalle
  2920 | D        | Noticed a Hell Sentinel
  2920 | D        | Noticed a shadow dragon
  2920 | D        | Killed Frederick
  2921 | D        | Noticed a tentacled monstrosity
  2921 | D        | Identified the +4 staff of Dispater
  2921 | D        | Noticed Dispater
  2922 | D        | Noticed Urug
  2925 | D        | HP: 12/258 [Azrael the soul eater/drain life (1)]
  2925 | D        | Slain by Jory

Illustrated notes

Levels and vault maps discovered:
D:        sprint_v [room_start, room_1, room_2, room_3, room_4, room_5, room_6,
          room_7, room_8, room_9, room_10, room_11, room_12, room_13, room_14,
          room_15, room_16, room_17, room_18, room_19, room_20, room_21,
          room_22, room_23, room_24, room_25, room_26, room_27]

Skill      XL: |  1  2  3  4  5  6  7  8  9 10 11 12 13 14 15 |
---------------+----------------------------------------------+-----
Fighting       | 5 9 10 11 12 13 15 17 21 24 26 | 26.2
Axes           | 3 7 9 11 14 17 18 20 21 22 | 22.8
Armour         | 5 9 10 11 12 13 14 15 22 24 | 24.3
Shields        | 5 10 12 13 14 16 17 18 19 21 | 21.5
Stealth        | 1 |  1.5
Evocations     | 2 3 4 6 8 |  8.2
Dodging        | 14 19 20 | 20.7
Short Blades   | 1 |  1.8
Long Blades    | 1 2 |  2.1
Staves         | 1 2 |  2.1
Slings         | 1 |  1.9
Bows           | 1 2 |  2.0
Throwing       | 1 |  1.6
Invocations    | 1 |  1.2

Action                   |  1- 3 |  4- 6 |  7- 9 | 10-12 | 13-15 || total
-------------------------+-------+-------+-------+-------+-------++-------
Melee: Broad axe         |     7 |     1 |    19 |    39 |   119 ||   185
       Headbutt          |     3 |       |     1 |     9 |    41 ||    54
Invok: Berserk           |       |       |     3 |     4 |     8 ||    15
       Brothers in Arms  |       |       |     1 |       |     5 ||     6
       Trog's Hand       |       |       |       |       |     1 ||     1
Evoke: Condenser vane    |       |       |     1 |     3 |     9 ||    13
       Tin of tremorston |       |       |     2 |     3 |    15 ||    20
       Phantom mirror    |       |       |       |       |     1 ||     1
  Use: Potion            |     1 |       |       |     2 |     3 ||     6
       Scroll            |       |       |       |     1 |     9 ||    10
 Stab: Confused          |       |       |     1 |     1 |     6 ||     8
       Distracted        |       |       |       |       |     1 ||     1
Armor: Gold dragon scale |     1 |     1 |    13 |    14 |    87 ||   116
Dodge: Dodged            |       |       |       |     1 |    55 ||    56
Block: Kite shield       |    12 |       |    37 |    40 |   253 ||   342

Table legend: (Time is in decaauts)
 A = Elapsed time spent in this place.
 B = Non-inter-level travel time spent in this place.
 C = Inter-level travel time spent in this place.
 D = Time resting spent in this place.
 E = Time spent auto-exploring this place.
 F = Levels seen in this place.
 G = Mean time per level.
                   A        B        C        D        E       F      G
               +--------+--------+--------+--------+--------+-----+--------+
         Total |   3070 |   3070 |      0 |   1537 |      0 |   1 | 3070.0 |
       Dungeon |   3070 |   3070 |      0 |   1537 |      0 |   1 | 3070.0 |
               +--------+--------+--------+--------+--------+-----+--------+

Top non-repeatable levels by time:
       D: 3070 daAuts
